 Dungeon Crawl Stone Soup version 0.29.0-13-gc9e81de378 (webtiles) character file.

Game seed: 12691112630652390335

17 Lynora the Conjurer (level 2, -4/20 HPs)
             Began as a Draconian Conjurer on Sept 6, 2022.
             Slain by Terence
             ... wielding a +0 trident
              (5 damage)
             ... on level 2 of the Dungeon on Sept 7, 2022.
             The game lasted 00:24:06 (1591 turns).

Lynora the Conjurer (Draconian Conjurer)            Turns: 1591, Time: 00:24:07

Health: -4/20      AC:  8    Str:  9    XL:     2   Next: 44%
Magic:  0/5        EV: 12    Int: 18    God:
Gold:   32         SH:  0    Dex:  9    Spells: 4/5 levels left

rFire   . . .      SeeInvis .   e - +0 dagger
rCold   . . .      Faith    .   (no shield)
rNeg    . . .      Spirit   .   (body armour unavailable)
rPois   .          Reflect  .   (helmet restricted)
rElec   .          Harm     .   (no cloak)
rCorr   .          Rampage  .   (no gloves)
Will    .....                   (no boots)
Stlth   ++........              (no amulet)
HPRegen 0.06/turn               g - +4 ring of protection
MPRegen 0.09/turn               (no ring)

@: no status effects
A: AC +4, unfitting armour, cold-blooded
a: no special abilities


You were on level 2 of the Dungeon.
You visited 1 branch of the dungeon, and saw 2 of its levels.

You collected 32 gold pieces.

Inventory:

Hand Weapons
 d - a +0 short sword
 e - a +0 dagger (weapon)
Armour
 b - a +0 robe
 c - a +0 leather armour
Jewellery
 g - a +4 ring of protection (left hand)
Scrolls
 j - a scroll of identify
Potions
 a - a potion of magic
 f - 2 potions of heal wounds (quivered)


   Skills:
 + Level 2.1 Dodging
 + Level 1.7 Stealth
 + Level 0.2 Unarmed Combat
 + Level 2.1 Spellcasting
 + Level 4.3 Conjurations


You had 4 spell levels left.
You knew the following spells:

 Your Spells              Type           Power      Damage    Failure   Level
a - Magic Dart            Conj           68%        1d6       3%          1

Your spell library contained the following spells:

 Spells                   Type           Power      Damage    Failure   Level
 Searing Ray              Conj           34%        2d5       4%          2
 Dazzling Flash           Conj/Hex       18%        N/A       22%         3
 Fulminant Prism          Conj/Hex       4%         3d6       58%         4
 Iskenderun's Mystic Bla  Conj/Tloc      9%         2d4       58%         4


Dungeon Overview and Level Annotations

Branches:
Dungeon (2/15)

Altars:

Annotations:
D:2 Terence


Innate Abilities, Weirdness & Mutations

Your plain brown scales are hard. (AC +4)
You cannot fit into any form of body armour.
You are cold-blooded and may be slowed by cold attacks.


Message History

Terence hits you with a +0 trident!
You hit Terence but do no damage.
You tail-slap Terence, but do no damage.
Terence is lightly wounded.
Terence hits you with a +0 trident!
* * * LOW HITPOINT WARNING * * *
You feel better. Terence closely misses you.
Casting: Magic Dart (safe; 3% risk of failure)
Confirm with . or Enter, or press ? or * to list all spells.
Aiming: Magic Dart (safe; 3% risk of failure)
Press: ? - help, Shift-Dir - straight line, f - Terence
Aim: Terence, wielding a +0 trident, wearing a +0 scale mail and carrying a wand of digging (7) (lightly wounded, 100% to hit)
The magic dart hits Terence.
Terence is lightly wounded.
Terence barely misses you.
You hit Terence but do no damage.
Terence is lightly wounded.
Terence closely misses you.
You hit Terence but do no damage.
Terence is lightly wounded.
Terence hits you with a +0 trident.
* * * LOW HITPOINT WARNING * * *
Terence says, "How do you enjoy it?"
Terence hits you from afar with a +0 trident.
* * * LOW HITPOINT WARNING * * *
You feel better. Terence misses you. Terence hits you with a +0 trident.
Casting: Magic Dart (safe; 3% risk of failure)
Confirm with . or Enter, or press ? or * to list all spells.
Aiming: Magic Dart (safe; 3% risk of failure)
Press: ? - help, Shift-Dir - straight line, f/p - Terence
Aim: Terence, wielding a +0 trident, wearing a +0 scale mail and carrying a wand of digging (7) (lightly wounded, 100% to hit)
The magic dart hits Terence.
Terence is lightly wounded.
Terence hits you with a +0 trident!
* * * LOW HITPOINT WARNING * * *
You hit Terence but do no damage.
Terence is lightly wounded.
Terence hits you with a +0 trident.
You die...

... #..####
#...... .
....... ...
#...... ....
#......#####..##
...(............
.............>..
.......(@@......
................
................
.#..#.#.........
#.##........###
.....#<......#
.....#.......#
.....#.......#
.... .########


You could see Terence.

Vanquished Creatures
  2 ball pythons (D:1)
  2 endoplasms
  A giant cockroach (D:1)
  2 hobgoblins (D:1)
  A kobold (D:2)
  A quokka (D:1)
  2 bats (D:1)
  A frilled lizard (D:1)
  3 rats (D:1)
15 creatures vanquished.

Notes
Turn   | Place    | Note
-------+----------+-------------------------------------------
     0 | D:1      | Lynora the Draconian Conjurer began the quest for the Orb.
     0 | D:1      | Reached XP level 1. HP: 14/14 MP: 3/3
   395 | D:1      | Upgraded the game from 0.29.0-11-gd7f09526c8 to
                  | 0.29.0-13-gc9e81de378
   662 | D:1      | Reached XP level 2. HP: 15/20 MP: 0/5
  1569 | D:2      | Noticed Terence
  1582 | D:2      | HP: 1/20 [Terence/+0 trident (9)]
  1590 | D:2      | HP: 1/20 [Terence/+0 trident (7)]
  1591 | D:2      | Slain by Terence

Illustrated notes

Levels and vault maps discovered:
D:1:      ncdulo_wetmaze, layout_loops_corners
D:2:      layout_rooms, nicolae_ecumenical_lake_church, minmay_misc_feat_plants,
          corexii_item_surrounded_by_moat, uniq_terence

Skill      XL: |  1 |
---------------+----+-----
Dodging        | 2 |  2.1
Stealth        | |  1.7
Unarmed Combat | |  0.2
Spellcasting   | |  2.1
Conjurations   | |  4.3

Action                   || total
-------------------------++-------
Melee: Unarmed           ||    63
       Tailslap          ||     6
       Dagger            ||     5
 Cast: Magic Dart        ||    24
  Use: Scroll            ||     4
       Potion            ||     2
Armor: Skin              ||    38
Dodge: Dodged            ||    66
